 Dungeon Crawl Stone Soup version 0.21.0-3-g78d12a8bdd (webtiles) character file.

20477 KamiKatze the Slicer (level 12, 0/63 HPs)
             Began as a Vine Stalker Fighter on Jan 10, 2018.
             Was a Follower of Uskayaw.
             Succumbed to a spiny frog's poison
             ... on level 3 of the Lair of Beasts.
             The game lasted 00:46:34 (12811 turns).

KamiKatze the Slicer (Vine Stalker Fighter)        Turns: 12811, Time: 00:46:34

Health: 0/63       AC: 15    Str: 23    XL:     12   Next: 79%
Magic:  2/25       EV:  9    Int:  8    God:    Uskayaw [*.....]
Gold:   595        SH: 13    Dex: 15    Spells: 11/11 levels left

rFire    . . .     SeeInvis .   a - +1 rapier
rCold    . . .     Gourm    .   c - +1 shield
rNeg     . . .     Faith    .   l - +0 chain mail
rPois    +         Spirit   +   F - +0 helmet
rElec    .         Reflect  .   u - +0 cloak
rCorr    .         Harm     .   (no gloves)
MR       +....                  C - +0 pair of boots
Stlth    ..........             Q - amulet of magic regeneration
HPRegen  1.00/turn              d - ring of poison resistance
MPRegen  0.44/turn              t - ring of magical power

@: lethally poisoned (0 -> -5)
A: fangs 3, regeneration 2, magic shield, antimagic bite, no potion heal 3, rot
immunity
a: Stomp, Renounce Religion


You were on level 3 of the Lair of Beasts.
You worshipped Uskayaw.
Uskayaw was noncommittal.
You were not hungry.

You visited 3 branches of the dungeon, and saw 16 of its levels.

You collected 728 gold pieces.
You spent 133 gold pieces at shops.

Inventory:

Hand Weapons
 a - a +1 rapier (weapon)
Missiles
 e - 561 stones (quivered)
 p - 2 throwing nets
Armour
 c - a +1 shield (worn)
 l - a +0 chain mail (worn)
 u - a +0 cloak (worn)
 C - a +0 pair of boots (worn)
 D - a +2 large shield
 F - a +0 helmet (worn)
 M - a cursed +0 plate armour
Jewellery
 d - a ring of poison resistance (left hand)
 h - an uncursed ring of fire
 r - an uncursed ring of see invisible
 t - a ring of magical power (right hand)
 y - a +4 ring of intelligence
 Q - an amulet of magic regeneration (around neck)
Wands
 n - a wand of acid (26)
 s - a wand of scattershot (4)
 x - a wand of paralysis (11)
 E - a wand of iceblast (12)
 I - a wand of flame (59)
 L - a wand of digging (16)
 O - a wand of enslavement (16)
 U - a wand of random effects (23)
Scrolls
 g - a scroll of fog
 j - 5 scrolls of teleportation
 k - 5 scrolls of amnesia
 m - 3 scrolls of identify
 q - a scroll of magic mapping
 v - a scroll of immolation
 B - 5 scrolls of remove curse
 N - 2 scrolls of blinking
Potions
 i - 5 potions of curing
 w - 2 potions of invisibility
 z - a potion of mutation
 A - a potion of cancellation
Books
 b - a book of Callings

   Spells                             Type                      Level
   a - Summon Small Mammal            Summoning                    1
   b - Call Imp                       Summoning                    2
   c - Call Canine Familiar           Summoning                    3
   d - Summon Guardian Golem          Hexes/Summoning              3
   e - Summon Lightning Spire         Summoning/Air                4
   f - Summon Ice Beast               Ice/Summoning                4
 o - Lee's Handbook of Ashen Attacks
   (You found it on level 9 of the Dungeon)

   Spells                             Type                      Level
   a - Sticky Flame                   Conjuration/Fire             4
   b - Force Lance                    Conjuration/Translocation    4
   c - Fireball                       Conjuration/Fire             5
   d - Iron Shot                      Conjuration/Earth            6
 G - a book of Frost

   Spells                             Type                      Level
   a - Freeze                         Ice                          1
   b - Throw Frost                    Conjuration/Ice              2
   c - Ozocubu's Armour               Charms/Ice                   3
   d - Throw Icicle                   Conjuration/Ice              4
   e - Summon Ice Beast               Ice/Summoning                4
 H - a book of Changes

   Spells                             Type                      Level
   a - Beastly Appendage              Transmutation                1
   b - Sticks to Snakes               Transmutation                2
   c - Spider Form                    Transmutation/Poison         3
   d - Ice Form                       Ice/Transmutation            4
   e - Blade Hands                    Transmutation                5
 J - a Young Poisoner's Handbook

   Spells                             Type                      Level
   a - Sting                          Conjuration/Poison           1
   b - Poisonous Vapours              Poison/Air                   2
   c - Mephitic Cloud                 Conjuration/Poison/Air       3
   d - Olgreb's Toxic Radiance        Poison                       4
   e - Venom Bolt                     Conjuration/Poison           5
 K - a book of Flames

   Spells                             Type                      Level
   a - Flame Tongue                   Conjuration/Fire             1
   b - Throw Flame                    Conjuration/Fire             2
   c - Conjure Flame                  Conjuration/Fire             3
   d - Inner Flame                    Hexes/Fire                   3
   e - Sticky Flame                   Conjuration/Fire             4
   f - Fireball                       Conjuration/Fire             5
 P - a book of Battle

   Spells                             Type                      Level
   a - Infusion                       Charms                       1
   b - Shroud of Golubria             Charms/Translocation         2
   c - Song of Slaying                Charms                       2
   d - Spectral Weapon                Hexes/Charms                 3
   e - Regeneration                   Charms/Necromancy            3
Comestibles
 f - 20 rations


   Skills:
 + Level 7.6 Fighting
 * Level 10.1 Short Blades
 * Level 9.6 Armour
 + Level 4.3 Dodging
 * Level 9.1 Shields
 + Level 5.2 Invocations


You had 11 spell levels left.
You didn't know any spells.

Dungeon Overview and Level Annotations

Branches:
Dungeon (11/15)            Temple (1/1) D:5            Lair (4/6) D:8
  Swamp (0/4) Lair:2       Spider (0/4) Lair:2          Orc (0/2) D:10

Altars:
Ashenzari
Cheibriados
Dithmenos
Elyvilon
Fedhas
Gozag
Hepliaklqana
Kikubaaqudgha
Makhleb
Nemelex Xobeh
Okawaru
Qazlal
Ru
Sif Muna
Trog
Uskayaw
Vehumet
Wu Jian
Xom
Yredelemnul
Zin
The Shining One

Shops:
D:9 ?

Annotations:
D:4 FortKnight's ghost, amateur TrBe
Lair:4 Nessos


Innate Abilities, Weirdness & Mutations

You have razor-sharp teeth.
You heal very quickly.
When hurt, damage is shared between your health and your magic reserves.
Your bite disrupts and absorbs the magic of your enemies.
Potions cannot restore your health.
You are immune to rotting.


Message History

The porcupine twitches its whiskers.
You block the spiny frog's attack.
A crocodile comes into view.
You feel sick.
Nessos shoots an arrow.
You block the arrow.
You feel sick.
Nessos stands on his hind legs for a moment.
Nessos blinks!
Nessos shoots an arrow.
The arrow hits you!
* * * LOW HITPOINT WARNING * * *
The arrow burns you.
* * * LOW HITPOINT WARNING * * *
There is a stone staircase leading up, spattered with blood here.
You see here an arrow.
You feel sick. The spiny frog barely misses you.
You climb upwards.
You feel sick.
There is a stone staircase leading down here.
You feel sick. The spiny frog stings you!
* * * LOW HITPOINT WARNING * * *
You are lethally poisoned!
The spiny frog poisons you!
You die...

### #######
P.###P##..########
.................##
..#............F>.#
.#......P.#....#.##
=.#.....###P.###@.#
.#......#........##
.#.......#.......##
.##...........#.PP#
.##......[........#
........#.........#
#.P.....##.#......#
##........#...##.##
.................#


You could see a spiny frog.

Vanquished Creatures
  3 hydras
  A catoblepas (Lair:3)
  2 two-headed ogres
  Pikel (D:8)
  A lindwurm (Lair:3)
  An ugly thing (D:11)
  A cyclops (D:10)
  A centaur zombie (D:10)
  Joseph (D:7)
  3 black mambas
  A gargoyle (D:10)
  A spiny frog (Lair:2)
  A rime drake (Lair:3)
  3 komodo dragons
  A troll (D:10)
  4 jumping spiders (Lair:2)
  Prince Ribbit (D:8)
  4 blink frogs (Lair:3)
  A hippogriff (Lair:3)
  4 redbacks (Lair:2)
  12 yaks
  A basilisk (Lair:3)
  3 water moccasins
  8 porcupines
  A hornet zombie (D:10)
  6 orc warriors
  4 slaves
  A black bear (D:10)
  A necrophage (D:9)
  An eye of draining (D:10)
  2 ice beasts (D:7)
  2 phantoms
  4 sky beasts
  An ogre (D:7)
  6 wolves (Lair:2)
  5 centaurs
  2 crocodiles (Lair:1)
  14 bullfrogs
  A gnoll sergeant (D:9)
  A wyvern zombie (D:6)
  5 scorpions
  7 killer bees
  2 howler monkeys (D:9)
  5 crimson imps
  A quasit (D:9)
  A bullfrog zombie (D:6)
  5 hounds
  A jelly (D:8)
  A centaur skeleton (D:6)
  5 orc priests
  Crazy Yiuf (D:5)
  11 orc wizards
  2 iguanas (D:7)
  Ijyb (D:4)
  7 worker ants
  3 hound zombies
  2 worker ant zombies
  5 gnolls
  6 adders
  3 shadow imps
  4 worms
  A dart slug (D:1)
  6 leopard geckos
  32 orcs
  5 bats
  2 giant cockroaches (D:2)
  6 goblins
  9 hobgoblins
  7 jackals
  A quokka (D:2)
  2 ball pythons
  5 frilled lizards
  10 kobolds
  A leopard gecko zombie (D:8)
  11 rats
288 creatures vanquished.

Vanquished Creatures (others)
  2 fungi (D:8)
  A plant (Lair:2)
3 creatures vanquished.

Grand Total: 291 creatures vanquished

Notes
Turn   | Place    | Note
-------+----------+-------------------------------------------
     0 | D:1      | KamiKatze the Vine Stalker Fighter began the quest for the Orb.
     0 | D:1      | Reached XP level 1. HP: 11/11 MP: 2/2
    60 | D:1      | Reached skill level 2 in Short Blades
   515 | D:1      | Reached XP level 2. HP: 16/16 MP: 3/3
   883 | D:1      | Reached XP level 3. HP: 7/19 MP: 4/4
  1352 | D:2      | Found a sacrificial altar of Ru.
  1355 | D:2      | Found a sparkling altar of Nemelex Xobeh.
  1355 | D:2      | Found a blossoming altar of Fedhas.
  1412 | D:2      | Found a shattered altar of Ashenzari.
  1443 | D:2      | Found a shattered altar of Ashenzari.
  1656 | D:2      | Gained mutation: Your natural rate of healing is unusually fast. [Vine Stalker growth]
  1656 | D:2      | Reached XP level 4. HP: 13/24 MP: 5/5
  1848 | D:2      | Found a bloodstained altar of Trog.
  2376 | D:3      | Reached skill level 3 in Short Blades
  2376 | D:3      | Reached XP level 5. HP: 28/28 MP: 6/6
  2553 | D:4      | Noticed FortKnight's ghost (amateur TrBe)
  2635 | D:4      | Noticed an ogre
  2951 | D:4      | Found a bloodstained altar of Trog.
  3184 | D:3      | Reached XP level 6. HP: 9/32 MP: 2/7
  3379 | D:4      | Noticed Ijyb
  3405 | D:4      | Killed Ijyb
  3411 | D:4      | Found a burning altar of Makhleb.
  3412 | D:4      | Found an opulent altar of Gozag.
  3704 | D:5      | Entered Level 5 of the Dungeon
  3704 | D:5      | Found a shimmering altar of Xom.
  3704 | D:5      | Noticed a phantom
  3843 | D:5      | Killed a phantom
  3843 | D:5      | Reached skill level 4 in Short Blades
  3843 | D:5      | Reached XP level 7. HP: 32/37 MP: 6/8
  3854 | D:5      | Found a staircase to the Ecumenical Temple.
  4136 | D:5      | Found a runed door.
  4140 | D:5      | Noticed Crazy Yiuf
  4150 | D:5      | Killed Crazy Yiuf
  4206 | Temple   | Entered the Ecumenical Temple
  4437 | D:5      | Found a burning altar of Makhleb.
  4508 | D:6      | Found a white marble altar of Elyvilon.
  4601 | D:6      | Gained mutation: You have razor-sharp teeth. [Vine Stalker growth]
  4601 | D:6      | Reached XP level 8. HP: 42/42 MP: 9/9
  4648 | D:6      | Reached skill level 5 in Short Blades
  4648 | D:6      | Reached skill level 5 in Armour
  4728 | D:6      | Found a snail-covered altar of Cheibriados.
  4779 | D:6      | Found an ornate altar of the Wu Jian Council.
  4836 | D:6      | Noticed a dagger
  4837 | D:6      | Found a hide-covered altar of Uskayaw.
  4838 | D:6      | Noticed a hand axe
  4845 | D:6      | Became a worshipper of Uskayaw the Reveler
  4855 | D:6      | Reached * piety under Uskayaw
  4920 | D:6      | Reached ** piety under Uskayaw
  5159 | D:7      | Reached *** piety under Uskayaw
  5490 | D:7      | Reached skill level 6 in Short Blades
  5562 | D:7      | Reached XP level 9. HP: 32/46 MP: 6/10
  5637 | D:7      | Reached skill level 5 in Fighting
  5683 | D:7      | Reached skill level 5 in Shields
  6127 | D:8      | Noticed Joseph
  6396 | D:8      | Noticed Pikel
  6544 | D:7      | Killed Joseph
  6702 | D:8      | Reached skill level 7 in Short Blades
  6871 | D:8      | Found a staircase to the Lair.
  7207 | D:8      | Found a stormy altar of Qazlal.
  7437 | D:8      | Noticed a two-headed ogre
  7515 | D:8      | Killed Pikel
  7515 | D:8      | Reached skill level 1 in Invocations
  7515 | D:8      | Reached XP level 10. HP: 53/53 MP: 11/11
  7516 | D:8      | Reached **** piety under Uskayaw
  7517 | D:8      | Killed a two-headed ogre
  7517 | D:8      | Reached skill level 1 in Dodging
  7520 | D:8      | Reached ***** piety under Uskayaw
  7654 | D:8      | Noticed Prince Ribbit
  7666 | D:8      | Killed Prince Ribbit
  8135 | D:9      | Found Loci's Magic Scroll Shop.
  8138 | D:9      | Bought a scroll of remove curse for 42 gold pieces
  8138 | D:9      | Bought a scroll of remove curse for 42 gold pieces
  8177 | D:9      | Identified Lee's Handbook of Ashen Attacks
  8419 | D:9      | Reached skill level 8 in Short Blades
  8666 | D:10     | Entered Level 10 of the Dungeon
  8906 | D:10     | Found a shadowy altar of Dithmenos.
  8907 | D:10     | Noticed a gargoyle
  8969 | Lair:1   | Entered Level 1 of the Lair of Beasts
  8969 | Lair:1   | Noticed a seven-headed hydra
  8980 | Lair:1   | Killed a seven-headed hydra
  8980 | Lair:1   | Reached XP level 11. HP: 15/57 MP: 9/14
  9318 | D:9      | Bought a scroll of magic mapping for 49 gold pieces
  9438 | D:10     | Noticed a cyclops
  9459 | D:10     | Killed a cyclops
  9648 | D:10     | Reached ****** piety under Uskayaw
  9959 | D:10     | Found a staircase to the Orcish Mines.
 10044 | D:11     | Noticed a red ugly thing
 10071 | D:11     | Killed a red ugly thing
 10071 | D:11     | Reached skill level 9 in Short Blades
 10177 | D:11     | Noticed a two-headed ogre
 10191 | D:11     | Killed a two-headed ogre
 11072 | Lair:2   | Gained mutation: You heal very quickly. [Vine Stalker growth]
 11072 | Lair:2   | Reached XP level 12. HP: 59/63 MP: 16/16
 11115 | Lair:2   | Found a hole to the Spider Nest.
 11235 | Lair:2   | Noticed a six-headed hydra
 11254 | Lair:2   | Killed a six-headed hydra
 11362 | Lair:2   | Found a staircase to the Swamp.
 11598 | Lair:2   | Noticed a seven-headed hydra
 11629 | Lair:2   | Killed a seven-headed hydra
 11891 | Lair:3   | Noticed a catoblepas
 11913 | Lair:3   | Killed a catoblepas
 12068 | Lair:3   | Reached skill level 10 in Short Blades
 12068 | Lair:3   | Reached skill level 5 in Invocations
 12797 | Lair:4   | Noticed Nessos
 12810 | Lair:3   | HP: 1/63 [spiny frog (10)]
 12811 | Lair:3   | Succumbed to a spiny frog's poison

Skill      XL: |  1  2  3  4  5  6  7  8  9 10 11 12 |
---------------+-------------------------------------+-----
Short Blades   | 2 3 4 6 7 8 9 10 | 10.1
Shields        | 3 4 5 7 8 9 |  9.1
Armour         | 3 4 5 7 8 9 |  9.6
Fighting       | 3 4 5 6 7 |  7.6
Invocations    | 1 2 4 5 |  5.2
Dodging        | 2 3 4 |  4.3

Action                   |  1- 3 |  4- 6 |  7- 9 | 10-12 || total
-------------------------+-------+-------+-------+-------++-------
Melee: Rapier            |   113 |   288 |   489 |   699 ||  1589
       Bite              |    19 |    67 |   155 |   258 ||   499
Throw: Stone             |       |       |     3 |     6 ||     9
  Use: Scroll            |       |    10 |     7 |     4 ||    21
       Potion            |       |       |     1 |     2 ||     3
 Stab: Paralysed         |       |       |     4 |    42 ||    46
  Eat: Chunk             |     2 |     8 |    12 |    18 ||    40
Armor: Scale mail        |    64 |   102 |   109 |       ||   275
       Chain mail        |       |       |    11 |   217 ||   228
Dodge: Dodged            |    44 |    64 |   100 |   177 ||   385
Block: Shield            |    60 |   135 |   248 |   349 ||   792
